 Dungeon Crawl Stone Soup version 0.24-a0-291-g79c1ce7 (webtiles) character file.

Game seed: 17212917001645317922

207 MatthieuS the Ruffian (level 5, -1/47 HPs)
             Began as a Troll Fighter on May 11, 2019.
             Was a Follower of Hepliaklqana.
             Slain by a killer bee (8 damage)
             ... on level 3 of the Dungeon.
             The game lasted 00:03:34 (1433 turns).

MatthieuS the Ruffian (Troll Fighter)               Turns: 1433, Time: 00:03:35

Health: -1/47      AC:  6    Str: 30    XL:     5   Next: 54%
Magic:  4/4        EV:  8    Int:  9    God:    Hepliaklqana [*.....]
Gold:   170        SH:  9    Dex:  7    Spells: 4/4 levels left

rFire    . . .     SeeInvis .     - Unarmed
rCold    . . .     Gourm    +   b - +0 shield
rNeg     . . .     Faith    .   a - +0 robe
rPois    .         Spirit   .   (helmet restricted)
rElec    .         Reflect  .   (no cloak)
rCorr    .         Harm     .   (gloves unavailable)
MR       .....                  (boots unavailable)
Stlth    +.........             q - amulet of regeneration (curse)
HPRegen  0.55/turn              d - +5 ring of intelligence
MPRegen  0.09/turn              g - -2 ring of dexterity (curse)

@: mighty, lethally poisoned (-1 -> -1)
A: large, unfitting armour, reduced essence, claws 3, fast metabolism 3,
gourmand, regeneration 1, shaggy fur 1, tough skin 3
a: Recall Ancestor, Ancestor Identity, Renounce Religion


You were on level 3 of the Dungeon.
You worshipped Hepliaklqana.
Hepliaklqana was aware of your devotion.
You were completely stuffed.

You visited 1 branch of the dungeon, and saw 3 of its levels.

You collected 170 gold pieces.

Inventory:

Hand Weapons
 p - a +2 dagger of venom
   (You took it off a goblin on level 2 of the Dungeon)
Armour
 a - a +0 robe (worn)
 b - a +0 shield (worn)
Jewellery
 d - a +5 ring of intelligence (left claw)
   (You found it on level 1 of the Dungeon)
 g - a cursed -2 ring of dexterity (right claw)
   (You found it on level 1 of the Dungeon)
 q - a cursed amulet of regeneration (around neck)
   (You found it on level 3 of the Dungeon)
Scrolls
 f - a scroll of enchant armour {unknown}
 i - a scroll of fear {unknown}
 j - 3 scrolls of magic mapping {unknown}
 k - 3 scrolls of teleportation {unknown}
 l - 2 scrolls of remove curse {unknown}
 o - 2 scrolls of identify {unknown}
Potions
 h - a potion of heal wounds {unknown}
 m - a potion of haste {unknown}
 r - a potion of lignification {unknown}
Comestibles
 e - 8 rations
 n - 3 chunks of flesh


   Skills:
 + Level 3.1 Fighting
 + Level 3.1 Dodging
 + Level 3.1 Shields
 * Level 4.0 Unarmed Combat


You had 4 spell levels left.
You didn't know any spells.
Your spell library was empty.

Dungeon Overview and Level Annotations

Branches:
Dungeon (3/15)

Altars:
Hepliaklqana


Innate Abilities, Weirdness & Mutations

You are too large for most types of armour.
You have claws for hands.
Your metabolism is lightning-fast.
You like to eat raw meat.
Your natural rate of healing is unusually fast.
You are covered in fur. (AC +1)
You have extremely tough skin. (AC +3)
Your life essence is reduced to manifest your ancestor. (-10% HP)


Message History

Put on which piece of jewellery? (? for menu, Esc to quit)
You feel clever.
d - a +5 ring of intelligence (left claw)
The killer bee stings you but does no damage.
Put on which piece of jewellery? (? for menu, Esc to quit)
You feel clumsy.
Oops, that ring feels deathly cold.
g - a cursed -2 ring of dexterity (right claw)
The killer bee stings you but does no damage.
Your shield prevents you from hitting the killer bee.
You feel sick. The killer bee barely misses you.
You block the killer bee's attack.
The killer bee stings you but does no damage.
You miss the killer bee. You block the killer bee's attack. x2
You closely miss the killer bee.
You feel sick. The killer bee barely misses you.
You block the killer bee's attack.
Some of the chunks of flesh in your inventory have rotted away.
You claw the killer bee! You block the killer bee's attack.
The killer bee stings you.
* * * LOW HITPOINT WARNING * * *
You scratch the killer bee but do no damage.
The killer bee closely misses you. You block the killer bee's attack.
You closely miss the killer bee.
You feel sick. The killer bee closely misses you. The killer bee stings you.
* * * LOW HITPOINT WARNING * * *
You closely miss the killer bee. The killer bee closely misses you.
You block the killer bee's attack.
You closely miss the killer bee.
The killer bee stings you but does no damage.
The killer bee barely misses you.
You miss the killer bee. The killer bee stings you!
* * * LOW HITPOINT WARNING * * *
The killer bee barely misses you.
You miss the killer bee. The killer bee misses you.
The killer bee stings you but does no damage.
You feel very mighty all of a sudden.
You feel sick. You block the killer bee's attack.
The killer bee stings you but does no damage.
You completely miss the killer bee. You block the killer bee's attack.
The killer bee stings you.
* * * LOW HITPOINT WARNING * * *
You claw the killer bee!
You kill the killer bee!
Your Unarmed Combat skill increases to level 4!
The killer bee stings you.
* * * LOW HITPOINT WARNING * * *
You miss the killer bee.
You feel sick.
The killer bee stings you but does no damage.
The killer bee stings you!
You die...

#.........## .. #.......'. ##....
..#.......## .. ......# ...
..#.####### #..##....##
#..##.#.######
...#......#####..##.#......#
.................##.######.#
...........#.###..##.# #.#
.............yy@...##.# ####.#
#..........#..###..##.###.##.###
#..................(........<...
#............)...((.#.###.#####.
...........#.##.##..#.# #.# #.
...................#.###.# #.
#..##...........##........# #.
.#..##.#.####.##.##....###.#####.
.........####........<...........


You could see 2 killer bees.

Vanquished Creatures
  A killer bee (D:3)
  3 gnolls (D:2)
  7 adders
  An ooze (D:2)
  2 worms (D:3)
  3 dart slugs
  A leopard gecko (D:2)
  A giant cockroach (D:1)
  5 goblins
  5 hobgoblins
  7 jackals
  A ball python (D:1)
  3 bats
  2 frilled lizards (D:2)
  7 kobolds
  4 rats
53 creatures vanquished.

Vanquished Creatures (collateral kills)
  An adder (D:3)
  A bat (D:2)
2 creatures vanquished.

Vanquished Creatures (others)
  An ancestor (D:3)
1 creature vanquished.

Grand Total: 56 creatures vanquished

Notes
Turn   | Place    | Note
-------+----------+-------------------------------------------
     0 | D:1      | MatthieuS the Troll Fighter began the quest for the Orb.
     0 | D:1      | Reached XP level 1. HP: 22/22 MP: 0/0
   126 | D:1      | Reached XP level 2. HP: 28/29 MP: 1/1
   525 | D:2      | Found a hazy altar of Hepliaklqana.
   527 | D:2      | Reached XP level 3. HP: 36/36 MP: 2/2
   577 | D:2      | Became a worshipper of Hepliaklqana the Forgotten
   680 | D:2      | Reached skill level 3 in Unarmed Combat
   689 | D:2      | Reached XP level 4. HP: 34/39 MP: 3/3
  1165 | D:3      | Reached XP level 5. HP: 39/47 MP: 4/4
  1322 | D:3      | Reached * piety under Hepliaklqana
  1432 | D:3      | Reached skill level 4 in Unarmed Combat
  1433 | D:3      | Slain by a killer bee

Levels and vault maps discovered:
D:1:      dpeg_arrival_leaves_temple_mockup, layout_rooms
D:2:      layout_loops_ring, old_standard_altar
D:3:      layout_basic, grunt_temple_overflow_open, first_ration

Skill      XL: |  1  2  3  4  5 |
---------------+----------------+-----
Unarmed Combat | 3 4 |  4.0
Fighting       | 3 |  3.1
Dodging        | 3 |  3.1
Shields        | 3 |  3.1

Action                   |  1- 3 |  4- 6 || total
-------------------------+-------+-------++-------
Melee: Unarmed           |    98 |   101 ||   199
Invok: Ancestor Identity |     1 |       ||     1
  Use: Potion            |       |     1 ||     1
  Eat: Chunk             |    12 |     7 ||    19
Armor: Robe              |    58 |    38 ||    96
Dodge: Dodged            |    41 |    40 ||    81
Block: Shield            |    60 |    46 ||   106

Table legend:
 A = Non-vault XP
 B = Vault XP
 C = Vault XP percentage of total XP
 D = Non-vault monster count
 E = Vault monster count
 F = Vault count percentage of total count
                 A         B        C        D         E       F
            +---------+---------+-------+---------+---------+-------
      Total |     297 |       0 |   0.0 |      55 |       0 |   0.0
            +---------+---------+-------+---------+---------+-------
        D:1 |      40 |       0 |   0.0 |      23 |       0 |   0.0
        D:2 |     153 |       0 |   0.0 |      23 |       0 |   0.0
        D:3 |     104 |       0 |   0.0 |       9 |       0 |   0.0
            +---------+---------+-------+---------+---------+-------
